 Dungeon Crawl Stone Soup version 0.22-a0-429-g97ce8ef (webtiles) character file.

56128 esc the Lord of Darkness (level 14, -1/106 (108) HPs)
             Began as a Demonspawn Necromancer on May 24, 2018.
             Was the Champion of Kikubaaqudgha.
             Slain by a komodo dragon (30 damage)
             ... on level 6 of the Lair of Beasts on May 25, 2018.
             The game lasted 01:54:48 (21873 turns).

esc the Lord of Darkness (Demonspawn Necromancer)  Turns: 21873, Time: 01:54:49

HP:   -1/106 (108)  AC:  2    Str: 14    XL:     14   Next: 40%
MP:   16/30         EV: 21    Int: 29    God:    Kikubaaqudgha [******]
Gold: 1491          SH:  0    Dex: 15    Spells: 11/38 levels left

rFire    + . .     SeeInvis .   b - +1 mace of the Egg {freeze, Int+4}
rCold    + + .     Gourm    .   (no shield)
rNeg     . . .     Faith    .   E - +3 leather armour {MR+}
rPois    +         Spirit   .   Q - +0 helmet
rElec    .         Reflect  .   w - scarf {rC+ rF+}
rCorr    .         Harm     .   Y - +0 pair of gloves {archery}
MR       ++...                  y - +0 pair of boots
Stlth    +.........             I - amulet of regeneration {+regen, !d}
HPRegen  1.67/turn              g - ring of poison resistance {rPois, !d}
MPRegen  0.22/turn              O - +5 ring of intelligence

@: mighty, corroded, regenerating, repel missiles, very slow
A: repulsion field 3, cold resistance 1, powered by pain 2, freezing cloud
immunity
a: Receive Corpses, Torment, Brand Weapon With Pain, Receive Necronomicon,
Renounce Religion


You were on level 6 of the Lair of Beasts.
You worshipped Kikubaaqudgha.
Kikubaaqudgha was exalted by your worship.
You were not hungry.

You visited 3 branches of the dungeon, and saw 19 of its levels.
You also visited: Labyrinth and Ice Cave.

You collected 1491 gold pieces.

Inventory:

Hand Weapons
 a - a +2 morningstar of venom
   (You found it in an ice cave)
 b - the +1 mace of the Egg (weapon) {freeze, Int+4}
   (You found it in a labyrinth)

   It has been specially enchanted to freeze those struck by it, causing extra
   injury to most foes and up to half again as much damage against particularly
   susceptible opponents.
   It can also slow down cold-blooded creatures.
   It affects your intelligence (+4).
 o - a +2 whip of flaming
   (You took it off a kobold on level 1 of the Dungeon)
Missiles
 f - 474 stones (quivered)
 J - a throwing net {=f, !d}
Armour
 w - a scarf of resistance (worn)
   (You found it on level 3 of the Dungeon)
 y - a +0 pair of boots (worn)
   (You found it on level 4 of the Dungeon)
 E - a +3 leather armour of magic resistance (worn)
   (You took it off an orc on level 6 of the Dungeon)
 Q - a +0 helmet (worn)
   (You found it on level 8 of the Dungeon)
 Y - a +0 pair of gloves of archery (worn)
   (You found it in a labyrinth)
Magical Staves
 s - an uncursed staff of energy {@w1+MP, hungerless spells, !d!a}
   (You found it on level 3 of the Dungeon)
Jewellery
 g - a ring of poison resistance (left hand) {rPois, !d}
   (You found it on level 3 of the Dungeon)
 h - the amulet of Bateoheh {Faith *Corrode rElec rPois rF+}
   (You found it in an ice cave)

   [amulet of faith]

   It allows you to gain divine favour quickly.
   It protects you from fire.
   It insulates you from electricity.
   It protects you from poison.
   It may corrode you when you take damage.
 C - an uncursed ring of flight {+Fly, !d}
   (You found it on level 3 of the Lair of Beasts)
 I - an amulet of regeneration (around neck) {+regen, !d}
   (You found it on level 7 of the Dungeon)
 O - a +5 ring of intelligence (right hand)
   (You found it on level 4 of the Lair of Beasts)
Wands
 e - a wand of iceblast (9)
   (You took it off Ijyb on level 5 of the Dungeon)
 x - a wand of acid (5)
   (You found it on level 4 of the Dungeon)
 G - a wand of polymorph (11)
   (You found it on level 2 of the Lair of Beasts)
 M - a wand of disintegration (41)
   (You found it on level 8 of the Dungeon)
 R - a wand of flame (57)
   (You found it on level 9 of the Dungeon)
 T - a wand of digging (23)
   (You took it off Maurice on level 11 of the Dungeon)
 W - a wand of enslavement (8)
   (You found it on level 4 of the Lair of Beasts)
Scrolls
 k - 2 scrolls of enchant weapon
 l - 12 scrolls of remove curse
 q - a scroll of magic mapping {!r}
 A - 2 scrolls of blinking {!r}
 B - 5 scrolls of identify
 D - a scroll of enchant armour
 X - 2 scrolls of fog
 Z - 7 scrolls of teleportation
Potions
 d - 5 potions of lignification {!q}
 i - 3 potions of invisibility
 j - 6 potions of flight
 m - 3 potions of haste
 p - 2 potions of resistance
 r - 8 potions of curing
 t - 2 potions of ambrosia
 u - 3 potions of brilliance
 v - 4 potions of berserk rage {!q}
 F - 6 potions of heal wounds
 H - 2 potions of agility
 K - 4 potions of might
 P - a potion of cancellation
Miscellaneous
 n - a phial of floods
   (You found it on level 10 of the Dungeon)
 S - a lamp of fire
   (You found it in a labyrinth)
 U - a sack of spiders
Comestibles
 c - 32 rations
 z - 10 chunks of flesh {@w0}


   Skills:
 + Level 9.3 Fighting
 + Level 5.8 Maces & Flails
 - Level 6.2 Armour
 + Level 8.8 Dodging
 - Level 1.7 Stealth
 + Level 12.6 Spellcasting
 + Level 15.0 Necromancy
 - Level 4.5 Earth Magic


You had 11 spell levels left.
You knew the following spells:

 Your Spells              Type           Power        Failure   Level  Hunger
a - Pain                  Necr           ####         0%          1    None
b - Animate Dead          Necr           N/A          1%          4    None
c - Agony                 Necr           #######.     1%          5    ##.....
d - Dispel Undead         Necr           #######.     1%          5    ##.....
e - Borgnjor's Vile Clut  Necr/Erth      ######....   1%          5    ##.....
r - Regeneration          Chrm/Necr      ######....   1%          3    None
x - Vampiric Draining     Necr           #######...   1%          3    None
A - Animate Skeleton      Necr           N/A          0%          1    None

Your spell library contained the following spells:

 Spells                   Type           Power        Failure   Level  Hunger
 Bolt of Cold             Conj/Ice       ###.......   99%         6    ####...
 Bolt of Magma            Conj/Fire/Erth ####......   47%         5    ##.....
 Freezing Cloud           Conj/Ice/Air   ###.......   99%         6    ####...
 Venom Bolt               Conj/Pois      ###.......   69%         5    ##.....
 Ozocubu's Refrigeration  Ice            ###.......   99%         6    ####...
 Sublimation of Blood     Necr           #######...   0%          2    None
 Iron Shot                Conj/Erth      ####......   91%         6    ####...
 Spider Form              Tmut/Pois      ###.......   11%         3    None
 Blade Hands              Tmut           ###.......   69%         5    ##.....
 Statue Form              Tmut/Erth      ####.....    91%         6    ####...
 Ice Form                 Ice/Tmut       ###.....     34%         4    None
 Shadow Creatures         Summ           N/A          99%         6    ####...
 Sticks to Snakes         Tmut           ###.....     5%          2    None
 Ensorcelled Hibernation  Hex/Ice        ###...       5%          2    None
 Metabolic Englaciation   Hex/Ice        ###.......   69%         5    ##.....
 Silence                  Hex/Air        ###.......   69%         5    ##.....
 Shatter                  Erth           #####.....   100%        9    #######
 Simulacrum               Ice/Necr       ######....   24%         6    ####...
 Excruciating Wounds      Chrm/Necr      ######....   4%          5    ##.....
 Orb of Destruction       Conj           ###.......   100%        7    ######.
 Leda's Liquefaction      Hex/Erth       ####......   14%         4    None
 Darkness                 Hex            ###.......   99%         6    ####...
 Beastly Appendage        Tmut           ###...       3%          1    None
 Iskenderun's Battlesphe  Conj/Chrm      ###.....     69%         5    ##.....
 Spellforged Servitor     Conj/Summ      ###.......   100%        7    ######.


Dungeon Overview and Level Annotations

Branches:
Dungeon (12/15)            Temple (1/1) D:5            Lair (6/6) D:11
  Swamp (0/4) Lair:3       Spider (0/4) Lair:2        Slime (0/5) Lair:5
    Orc (0/2) D:11

Altars:
Ashenzari
Cheibriados
Dithmenos
Elyvilon
Fedhas
Hepliaklqana
Kikubaaqudgha
Makhleb
Nemelex Xobeh
Qazlal
Ru
Sif Muna
Trog
Uskayaw
Vehumet
Wu Jian
Xom
Yredelemnul
Zin
The Shining One

Shops:
D:10 %

Annotations:
D:3 Robin; opiumtea's ghost, amateur DEVM
D:4 Grinder
D:7 Mgcat's ghost, novice BaFi
Lair:5 exclusion: 2 oklob plants


Innate Abilities, Weirdness & Mutations

You are surrounded by a strong repulsion field. (EV +4, RMsl)
Your flesh is cold resistant. (rC+)
You sometimes gain power by taking damage.
You are immune to freezing clouds.


Message History

Kikubaaqudgha accepts your kill. The entropy weaver misses you.
The entropy weaver hits you but does no damage.
The entropy weaver misses you. The entropy weaver hits you.
You take 3 damage, and have 82/106 hp.
You now have 18/30 mp.
Aim: an entropy weaver, wearing a ring of flight (heavily wounded, chance to defeat MR: 91%)
The entropy weaver convulses!
The entropy weaver mumbles some strange words.
The entropic weave corrodes you!
You now have 13/30 mp.
Aim: an entropy weaver, wearing a ring of flight (severely wounded, chance to defeat MR: 91%)
The entropy weaver convulses!
The entropy weaver hits you but does no damage.
The entropy weaver hits you.
The entropy weaver hits you but does no damage.
The entropy weaver barely misses you.
Your rime drake skeleton closely misses the entropy weaver.
The entropy weaver mumbles some strange words.
The entropic weave corrodes you!
You take 1 damage, and have 82/106 hp.
You now have 8/30 mp.
You miss the entropy weaver.
Your rime drake skeleton bites the entropy weaver.
The entropy weaver closely misses you. The entropy weaver hits you.
The entropy weaver hits you! The entropy weaver misses you.
You take 12 damage, and have 70/106 hp.
You hit the entropy weaver but do no damage.
Your rime drake skeleton closely misses the entropy weaver.
The entropy weaver closely misses you.
The entropy weaver completely misses you.
The entropy weaver hits you.
The entropy weaver completely misses you.
Your rime drake skeleton closely misses the entropy weaver.
You take 2 damage, and have 68/106 hp.
You hit the entropy weaver but do no damage.
The entropy weaver hits you.
The entropy weaver hits you but does no damage.
The entropy weaver hits you! The entropy weaver hits you.
The entropy weaver mumbles some strange words.
The entropic weave corrodes you!
Your rime drake skeleton misses the entropy weaver.
You take 14 damage, and have 54/106 hp.
Aim: an entropy weaver, wearing a ring of flight (almost dead) Decaying hands burst forth from the earth!
Zombie hands grab the entropy weaver.
Your rime drake skeleton is unaffected.
The zombie hands constrict the entropy weaver!
The entropy weaver hits you!
You focus on the pain.
You feel very mighty all of a sudden. The entropy weaver hits you.
The entropy weaver hits you!
* * * LOW HITPOINT WARNING * * *
The entropy weaver hits you but does no damage.
Your rime drake skeleton bites the entropy weaver.
You take 28 damage, and have 26/106 hp.
MASSIVE DAMAGE!!
You now have 4/30 mp.
The zombie hands constrict the entropy weaver.
You kill the entropy weaver!
Kikubaaqudgha accepts your kill.
Things that are here:
+0 steam dragon scales; a steam dragon corpse Your skin crawls.
You regained 2 hp, and now have 28/106 hp.
You now have 1/30 mp.
A komodo dragon comes into view.
You regained 2 hp, and now have 30/106 hp.
You swap places.
Things that are here:
+0 steam dragon scales; a steam dragon corpse You regained 2 hp, and now have 33/106 hp.
You regained 2 hp, and now have 35/106 hp.
You swap places.
Things that are here:
+0 steam dragon scales; a steam dragon corpse You swap places.
The komodo dragon bites your rime drake skeleton!!
Your rime drake skeleton is destroyed!
You regained 2 hp, and now have 38/106 hp.
Items here: ! $ ( = ? † 26 stones; a ring of flight {+Fly, !d}; a potion of ambrosia a scroll of identify; 83 gold pieces; an entropy weaver corpse You regained 2 hp, and now have 40/106 hp.
You regained 2 hp, and now have 43/106 hp.
You regained 2 hp, and now have 45/106 hp.
You don't have enough magic to cast that spell.
You enter the shallow water.
Moving in this stuff is going to be slow.
You regained 3 hp, and now have 49/106 hp.
The komodo dragon bites you!!
* * * LOW HITPOINT WARNING * * *
You focus on the pain.
You feel your power returning.
You take 22 damage, and have 27/106 hp.
MASSIVE DAMAGE!!
You regained 11 mp, and now have 15/30 mp.
Aim: a komodo dragon
Okay, then.
You enter the shallow water.
Moving in this stuff is going to be slow.
The komodo dragon bites you!!
You die...
Kikubaaqudgha rasps: "You have failed me!
Welcome... death!"

.≈l♣♣.≈♣..♣ .......... ≈ ♣≈(≈♣♣
#........... ♣≈≈..♣ #..........#
♣.≈♣≈.♣♣ #..#.......# ♣..♣≈≈.♣
#.#........## ♣.. ♣♣≈.♣
#............ ♣... ♣≈≈♣♣
#..#......... ♣♣♣ ♣.l♣♣
#..#........#
♣♣.@≈♣♣#..........##
###...≈≈P#.#........## ### #####
##..................... ..#
#...###........#.##...##...## ..#
#....###......#####...####..#
..###.P.####P.....# #....##...#
#.P##...P.#.......## #...##....#
#.###..............# ##.####..#.
#.#..........P.....####...#..#.##


You could see a komodo dragon.

Vanquished Creatures
  A frost giant (IceCv)
  Nessos (Lair:4)
  2 entropy weavers (Lair:6)
  5 hydras
  9 two-headed ogres
  A queen ant (Lair:6)
  2 ugly things (D:11)
  3 elephants
  3 black mambas
  Maurice (D:11)
  An ice statue (IceCv)
  2 rime drakes (Lair:6)
  5 spiny frogs
  4 komodo dragons
  An ice devil (Lair:5)
  2 trolls
  12 polar bears
  A raiju (Lair:6)
  2 tyrant leeches (Lair:3)
  10 blink frogs
  2 hippogriffs
  A dream sheep (Lair:3)
  2 redbacks
  43 yaks
  4 hungry ghosts
  3 steam dragons
  Eustachio (D:6)
  6 basilisks
  A swamp worm (Lair:3)
  2 wargs (Lair:6)
  Duvessa (D:5)
  5 hell hounds (Lair:6)
  16 soldier ants
  7 porcupines
  6 water moccasins
  4 orc warriors
  A swamp drake (Lair:6)
  5 black bears
  2 ice beasts
  4 ogres
  2 phantoms
  A necrophage (D:7)
  24 wolves
  5 centaurs
  9 crocodiles
  12 bullfrogs
  A wyvern skeleton (D:6)
  6 scorpions
  Dowan (D:5)
  3 howler monkeys
  5 electric eels
  3 crimson imps
  4 lava snakes (Lab)
  4 jellies
  3 bullfrog zombies
  A quasit (D:11)
  A bullfrog skeleton (D:9)
  2 centaur skeletons (D:8)
  5 orc priests
  A hound (D:7)
  Ijyb (D:5)
  2 iguanas
  15 worker ants
  6 orc wizards
  A killer bee zombie (D:7)
  A hound zombie (D:9)
  3 hound skeletons
  3 gnolls (D:4)
  4 adders
  2 shadow imps
  2 oozes
  An adder skeleton (D:4)
  5 worms
  A dart slug (D:1)
  4 leopard geckos
  33 orcs
  5 giant cockroaches
  5 goblins
  8 hobgoblins
  6 jackals
  10 kobolds
  A quokka (D:2)
  A ball python (D:4)
  6 bats
  4 frilled lizards
  2 giant cockroach zombies
  A leopard gecko skeleton (D:8)
  2 quokka skeletons
  9 rats
  A fungus (D:11)
  4 plants (D:11)
426 creatures vanquished.

Vanquished Creatures (collateral kills)
  Rupert (Lair:4)
  A minotaur (Lab)
  A hydra (Lair:1)
  A two-headed ogre (D:10)
  A death yak (IceCv)
  Nergalle (Lair:4)
  An elephant (Lair:5)
  A black mamba (Lair:6)
  A spiny frog (Lair:6)
  A minotaur zombie (Lab)
  A rime drake (IceCv)
  A komodo dragon (Lair:3)
  An ice devil (Lair:5)
  7 polar bears
  4 hippogriffs
  14 blink frogs
  A raiju (Lair:6)
  4 yaks
  A basilisk (Lair:2)
  2 hungry ghosts
  2 soldier ants (Lair:6)
  2 hell hounds (Lair:6)
  2 water moccasins
  4 porcupines
  An ogre (D:7)
  A phantom (D:9)
  7 black bears (Lair:6)
  A centaur (D:10)
  4 wolves
  A crocodile (Lair:6)
  5 bullfrogs
  A wyvern zombie (D:11)
  A crimson imp (D:11)
  A howler monkey (D:7)
  3 hounds
  A jelly (D:10)
  An orc priest (D:11)
  A bullfrog skeleton (D:4)
  An orc wizard (D:11)
  4 iguanas
  A worker ant (D:9)
  A hound skeleton (D:9)
  An ooze (D:3)
  An adder skeleton (D:10)
  2 leopard geckos (D:6)
  6 orcs
  A bat (D:2)
  5 fungi
  2 plants
110 creatures vanquished.

Vanquished Creatures (others)
  A polar bear (IceCv)
  A rime drake (IceCv)
  A yak (IceCv)
  26 fungi
  37 plants
66 creatures vanquished.

Grand Total: 602 creatures vanquished

Notes
Turn   | Place    | Note
-------+----------+-------------------------------------------
     0 | D:1      | esc the Demonspawn Necromancer began the quest for the Orb.
     0 | D:1      | Reached XP level 1. HP: 13/13 MP: 3/3
    36 | D:1      | Learned a level 1 spell: Animate Skeleton
   272 | D:1      | Gained mutation: You sometimes gain a little power by taking damage. [demonic ancestry]
   272 | D:1      | Reached XP level 2. HP: 18/19 MP: 1/5
   918 | D:1      | Reached XP level 3. HP: 19/24 MP: 0/7
   971 | D:1      | Reached skill level 5 in Necromancy
  1511 | D:2      | Reached skill level 3 in Spellcasting
  1710 | D:2      | Found an ornate altar of the Wu Jian Council.
  2076 | D:2      | Learned a level 3 spell: Vampiric Draining
  2154 | D:3      | Reached XP level 4. HP: 29/30 MP: 4/8
  2158 | D:3      | Upgraded the game from 0.22-a0-425-g89d60a1 to 0.22-a0-429-g97ce8ef
  2163 | D:3      | Learned a level 4 spell: Animate Dead
  2284 | D:3      | Noticed opiumtea's ghost (amateur DEVM)
  2491 | D:3      | Found a deep blue altar of Sif Muna.
  2538 | D:3      | Reached skill level 2 in Dodging
  2602 | D:3      | Noticed Robin
  3045 | D:4      | Reached skill level 1 in Fighting
  3078 | D:4      | Gained mutation: You are surrounded by a mild repulsion field. (EV +2) [demonic ancestry]
  3078 | D:4      | Reached XP level 5. HP: 17/37 MP: 6/10
  3192 | D:4      | Found a shattered altar of Ashenzari.
  3847 | D:5      | Entered Level 5 of the Dungeon
  3847 | D:5      | Noticed Grinder
  3923 | D:5      | Reached skill level 2 in Fighting
  3923 | D:5      | Gained mutation: You are surrounded by a moderate repulsion field. (EV +3) [demonic ancestry]
  3923 | D:5      | Reached XP level 6. HP: 34/44 MP: 3/11
  4043 | D:5      | Learned a level 3 spell: Regeneration
  4177 | D:5      | Noticed Duvessa
  4306 | D:5      | Reached skill level 4 in Spellcasting
  4306 | D:5      | Reached skill level 6 in Necromancy
  4409 | D:5      | Reached skill level 3 in Dodging
  4494 | D:5      | Noticed Dowan
  4671 | D:5      | Killed Dowan
  4699 | D:5      | Paralysed by Grinder for 3 turns
  4704 | D:5      | Gained mutation: Your flesh is cold resistant. (rC+) [demonic ancestry]
  4704 | D:5      | Reached XP level 7. HP: 14/51 MP: 13/13
  4751 | D:5      | Reached skill level 3 in Fighting
  4977 | D:5      | Noticed Ijyb
  5005 | D:5      | Killed Ijyb
  5295 | D:5      | Found a staircase to the Ecumenical Temple.
  5303 | Temple   | Entered the Ecumenical Temple
  5351 | Temple   | Became a worshipper of Kikubaaqudgha
  5570 | D:6      | Noticed Eustachio
  5748 | D:5      | Killed Duvessa
  6027 | D:6      | Reached skill level 4 in Dodging
  6036 | D:6      | Reached skill level 7 in Necromancy
  6153 | D:6      | Found a shadowy altar of Dithmenos.
  6316 | D:6      | Reached skill level 4 in Fighting
  6316 | D:6      | Reached skill level 5 in Spellcasting
  6316 | D:6      | Reached XP level 8. HP: 58/60 MP: 12/15
  6388 | D:6      | Killed Eustachio
  6442 | D:5      | Reached skill level 1 in Armour
  6698 | D:7      | Noticed Mgcat's ghost (novice BaFi)
  6832 | D:7      | Reached skill level 2 in Armour
  7003 | D:6      | Reached * piety under Kikubaaqudgha
  7003 | D:6      | Identified Kikubaaqudgha's Catalogue of Evil (Kikubaaqudgha gifted it to you on level 6 of the Dungeon)
  7003 | D:6      | Received a gift from Kikubaaqudgha
  7075 | D:6      | Found a burning altar of Makhleb.
  7090 | D:6      | Found a radiant altar of Vehumet.
  7238 | D:6      | Reached skill level 5 in Dodging
  7263 | D:6      | Reached skill level 5 in Fighting
  7703 | D:8      | Gained mutation: You are surrounded by a strong repulsion field. (EV +4, RMsl) [demonic ancestry]
  7703 | D:8      | Reached XP level 9. HP: 64/66 MP: 11/17
  7905 | D:8      | Reached skill level 8 in Necromancy
  7958 | D:8      | Found a glowing golden altar of the Shining One.
  8021 | D:8      | Reached skill level 3 in Armour
  8021 | D:8      | Reached skill level 6 in Spellcasting
  8594 | D:8      | Noticed a two-headed ogre
  8606 | D:8      | Killed a two-headed ogre
  8606 | D:8      | Reached skill level 6 in Fighting
  8606 | D:8      | Reached skill level 4 in Armour
  8606 | D:8      | Reached skill level 6 in Dodging
  8739 | D:9      | Reached ** piety under Kikubaaqudgha
  8753 | D:9      | Reached XP level 10. HP: 58/75 MP: 6/20
  8819 | D:9      | Reached skill level 9 in Necromancy
  9268 | D:9      | Noticed a two-headed ogre
  9277 | D:9      | Killed a two-headed ogre
  9277 | D:9      | Reached skill level 1 in Maces & Flails
  9277 | D:9      | Reached skill level 7 in Spellcasting
  9313 | D:9      | Found a hide-covered altar of Uskayaw.
  9767 | D:10     | Entered Level 10 of the Dungeon
 10024 | D:10     | Reached skill level 5 in Armour
 10099 | D:10     | Noticed a two-headed ogre
 10117 | D:10     | Killed a two-headed ogre
 10117 | D:10     | Reached skill level 7 in Fighting
 10117 | D:10     | Reached skill level 2 in Maces & Flails
 10408 | D:10     | Noticed a two-headed ogre
 10409 | D:10     | Noticed a two-headed ogre
 10414 | D:10     | Noticed an ogre mage
 10417 | D:10     | Noticed a two-headed ogre
 10419 | D:10     | Noticed a two-headed ogre
 10524 | D:9      | Killed a two-headed ogre
 10524 | D:9      | Reached skill level 7 in Dodging
 10700 | D:10     | Killed a two-headed ogre
 10700 | D:10     | Reached *** piety under Kikubaaqudgha
 10700 | D:10     | Identified Kikubaaqudgha's Disquisition on Necromancy (Kikubaaqudgha gifted it to you on level 10 of the Dungeon)
 10700 | D:10     | Received a gift from Kikubaaqudgha
 10700 | D:10     | Reached XP level 11. HP: 79/82 MP: 19/22
 10723 | D:10     | Killed a two-headed ogre
 10723 | D:10     | Reached skill level 3 in Maces & Flails
 10732 | D:10     | Killed a two-headed ogre
 10732 | D:10     | Reached skill level 10 in Necromancy
 10750 | D:10     | Learned a level 5 spell: Agony
 10756 | D:10     | Learned a level 5 spell: Dispel Undead
 10777 | D:10     | Noticed a two-headed ogre
 10784 | D:10     | Killed a two-headed ogre
 10867 | D:10     | Found Niexzam's Food Shoppe.
 11112 | D:11     | Found a snail-covered altar of Cheibriados.
 11119 | D:11     | Reached skill level 8 in Spellcasting
 11348 | D:11     | Found a staircase to the Orcish Mines.
 11632 | D:11     | Noticed a two-headed ogre
 11633 | D:11     | Noticed a purple ugly thing
 11663 | D:10     | Killed a two-headed ogre
 11772 | D:11     | Noticed Maurice
 11788 | D:11     | Killed Maurice
 11796 | D:11     | Reached skill level 11 in Necromancy
 11818 | D:11     | Noticed a cyan ugly thing
 11944 | D:11     | Noticed a two-headed ogre
 11985 | D:11     | Killed a two-headed ogre
 11985 | D:11     | Reached skill level 9 in Spellcasting
 12087 | D:11     | Found a staircase to the Lair.
 12139 | D:11     | Killed a cyan ugly thing
 12139 | D:11     | Reached **** piety under Kikubaaqudgha
 12140 | D:11     | Killed a cyan ugly thing
 12362 | D:12     | Noticed a purple ugly thing
 12370 | D:12     | Learned a level 5 spell: Borgnjor's Vile Clutch
 12402 | Lair:1   | Entered Level 1 of the Lair of Beasts
 12475 | Lair:1   | Reached XP level 12. HP: 66/89 MP: 7/25
 12499 | Lair:1   | Found a labyrinth entrance.
 12511 | Lab      | Entered a labyrinth
 12548 | Lab      | Reached skill level 1 in Earth Magic
 12731 | Lab      | Reached skill level 12 in Necromancy
 12969 | Lab      | Noticed a minotaur
 12982 | Lab      | Killed a minotaur
 12982 | Lab      | Reached skill level 2 in Earth Magic
 12993 | Lab      | Got a crude mace
 13032 | Lair:1   | Identified the cursed +1 mace of the Egg {freeze, Int+4} (You found it in a labyrinth)
 13068 | Lair:1   | Noticed a four-headed hydra
 13117 | Lair:1   | Reached skill level 10 in Spellcasting
 13667 | Lair:1   | Reached skill level 3 in Earth Magic
 13677 | Lair:1   | Killed a four-headed hydra
 14305 | Lair:2   | Noticed a seven-headed hydra
 14317 | Lair:2   | Killed a seven-headed hydra
 14357 | Lair:2   | Noticed an eight-headed hydra
 14376 | Lair:2   | Killed an eight-headed hydra
 14376 | Lair:2   | Reached skill level 4 in Earth Magic
 14485 | Lair:2   | Found a hole to the Spider Nest.
 15483 | Lair:3   | Noticed a five-headed hydra
 15524 | Lair:3   | Killed a five-headed hydra
 15676 | Lair:3   | Reached skill level 13 in Necromancy
 15859 | Lair:3   | Reached skill level 6 in Armour
 16629 | Lair:3   | Reached skill level 8 in Fighting
 16771 | Lair:3   | Reached skill level 4 in Maces & Flails
 16771 | Lair:3   | Gained mutation: You are immune to freezing clouds. [demonic ancestry]
 16771 | Lair:3   | Reached XP level 13. HP: 96/96 MP: 20/27
 16844 | Lair:3   | Found a staircase to the Swamp.
 17193 | Lair:4   | Noticed Rupert
 17199 | Lair:4   | Killed Rupert
 17199 | Lair:4   | Reached skill level 11 in Spellcasting
 17245 | Lair:4   | Noticed Nessos
 17265 | Lair:4   | Killed Nessos
 17364 | Lair:4   | Reached skill level 8 in Dodging
 17464 | Lair:4   | Reached ***** piety under Kikubaaqudgha
 17618 | Lair:4   | Noticed Nergalle
 17627 | Lair:4   | Killed Nergalle
 18091 | Lair:5   | Reached skill level 5 in Maces & Flails
 18514 | Lair:5   | Found a staircase to the Slime Pits.
 18669 | Lair:6   | Entered Level 6 of the Lair of Beasts
 18844 | Lair:6   | Found a frozen archway.
 18860 | IceCv    | Entered an ice cave
 19014 | IceCv    | Got an ichor-stained hand crossbow
 19015 | IceCv    | Identified the cursed +1 hand crossbow of Eternal Vigilance {speed, rElec Str+4 Int-4 Stlth+} (You found it in an ice cave)
 19097 | IceCv    | Got a vibrating copper amulet
 19098 | IceCv    | Identified the amulet of Bateoheh {Faith *Corrode rElec rPois rF+} (You found it in an ice cave)
 19146 | IceCv    | Reached skill level 9 in Fighting
 19468 | IceCv    | Reached skill level 14 in Necromancy
 19843 | IceCv    | Noticed a frost giant
 19860 | IceCv    | Killed a frost giant
 20239 | Lair:6   | Reached skill level 12 in Spellcasting
 20539 | Lair:6   | Gained mutation: You sometimes gain power by taking damage. [demonic ancestry]
 20539 | Lair:6   | Reached XP level 14. HP: 106/106 MP: 26/30
 20832 | Lair:6   | Reached ****** piety under Kikubaaqudgha
 20954 | Lair:6   | esc: ??necronomicon
 20954 | Lair:6   | beem: necronomicon[1/1]: Borgnjor's Revivification, Haunt, Death's Door, Infestation, Necromutation - In 0.16 and earlier, you were required to have 6 spellcasting and 10 necromancy to memorize spells out of this book.
 20963 | Lair:6   | Noticed an entropy weaver
 21384 | Lair:6   | Noticed an entropy weaver
 21403 | Lair:6   | Killed an entropy weaver
 21761 | Lair:6   | Reached skill level 15 in Necromancy
 21857 | Lair:6   | HP: 26/106 [entropy weaver (13)]
 21858 | Lair:6   | Killed an entropy weaver
 21873 | Lair:6   | Slain by a komodo dragon

Vault maps used:
D:1:      lordsloth_arrival_two_stooges, st_stairs_1, minmay_hexomino_u4
D:2:      overflow_temple_1_default
D:3:      lemuel_round_altar, first_ration, uniq_robin
D:4:      nicolae_ashenzari_panopticon, supply_closet_lemuel,
          kennysheep_generic_room_11
D:5:      minmay_temple_entry_nine_rooms, enter_ossuary_3, hangedman_decor_push,
          uniq_ijyb, uniq_grinder, uniq_duvessa
D:6:      old_standard_altar, vehumet_crystals, makhleb_blood_cavern_becter,
          uniq_eustachio
D:7:      grunt_ogre_cave
D:8:      kennysheep_mini
D:9:      eat_drink_and_be_merry_uskayaw
D:10:     serial_shops, nicolae_shop_stone
D:11:     due_lair_maze_entry_diamond, david_orc_3, basic_altar, uniq_maurice
Temple:   nicolae_temple_great_sept
Lair:1:   nicolae_volcano_entry_hallway, lab_entry_generic
Lair:2:   spider_nest_entry_webs, st_stairs_11, serial_bayou_shore_a
Lair:3:   minmay_swamp_entry_worms, wad_woods_river_01
Lair:4:   uniq_rupert, uniq_nessos, uniq_nergalle
Lair:5:   minmay_slime_entry_oklob_open, serial_bayou_lagoon_b,
          grunt_megastairs_1
Lair:6:   hangedman_lair_caniforms_friends, guppyfry_lair_end_dragon,
          portal_ice_cave_demonic_guard, zaba_antful_of_joy
Lab:      labyrinth_hidden_loot, labyrinth_lava_lair, labyrinth_fake_exit,
          labyrinth_skeletal_remains, nicolae_lab_diamond, nicolae_lab_starburst
IceCv:    ice_cave_caverns_02

Skill      XL: |  1  2  3  4  5  6  7  8  9 10 11 12 13 14 |
---------------+-------------------------------------------+-----
Necromancy     | 5 6 7 8 9 11 13 14 15 | 15.0
Spellcasting   | 3 4 5 6 7 9 10 12 | 12.6
Dodging        | 2 3 4 5 6 7 8 |  8.8
Fighting       | 1 2 4 5 6 7 8 9 |  9.3
Armour         | 2 4 5 6 |  6.2
Maces & Flails | 2 3 4 5 |  5.8
Earth Magic    | 4 |  4.5
Stealth        | |  1.7

Action                   |  1- 3 |  4- 6 |  7- 9 | 10-12 | 13-15 || total
-------------------------+-------+-------+-------+-------+-------++-------
Melee: Club              |     9 |       |       |       |       ||     9
       Dagger            |    13 |    85 |   234 |    70 |       ||   402
       Whip              |       |       |    50 |   257 |    47 ||   354
       Mace              |       |       |       |   117 |   346 ||   463
       Morningstar       |       |       |       |       |    89 ||    89
Throw: Stone             |     3 |    15 |    24 |    76 |     9 ||   127
 Cast: Pain              |    82 |   103 |   162 |   338 |    53 ||   738
       Animate Skeleton  |    19 |    12 |    25 |    48 |    55 ||   159
       Vampiric Draining |       |     8 |    23 |    56 |     9 ||    96
       Regeneration      |       |       |     3 |    11 |     7 ||    21
       Animate Dead      |       |       |       |    10 |     7 ||    17
       Dispel Undead     |       |       |       |     3 |       ||     3
       Agony             |       |       |       |    24 |    68 ||    92
       Borgnjor's Vile C |       |       |       |     1 |    59 ||    60
Invok: Receive Corpses   |       |       |       |     3 |       ||     3
Evoke: Wand              |       |     2 |     4 |    37 |     7 ||    50
  Use: Scroll            |     2 |     6 |     4 |    15 |     5 ||    32
       Potion            |     1 |       |       |     1 |       ||     2
 Stab: Sleeping          |     1 |     2 |     3 |     2 |       ||     8
       Distracted        |       |       |     1 |     2 |    11 ||    14
       Paralysed         |       |       |       |    14 |       ||    14
       Confused          |       |       |       |     3 |       ||     3
  Eat: Ration            |     1 |     2 |     4 |     7 |     4 ||    18
       Chunk             |     1 |     2 |     6 |    16 |    14 ||    39
Armor: Robe              |    11 |    25 |    33 |       |       ||    69
       Leather armour    |       |       |    38 |   122 |   114 ||   274
Dodge: Dodged            |    20 |    82 |   294 |   590 |   650 ||  1636
       Deflected         |       |       |     2 |     5 |     9 ||    16

Table legend:
 A = Spawn XP
 B = Non-spawn XP
 C = Spawn XP percentage of total XP
 D = Spawn monster count
 E = Non-spawn monster count
 F = Spawn count percentage of total count
 G = Total turns spent on level
                    A         B        C        D         E        F      G
               +---------+---------+-------+---------+---------+-------+---------
         Total |       0 |   80183 |   0.0 |       0 |     525 |   0.0 | 21873
               +---------+---------+-------+---------+---------+-------+---------
           D:1 |       0 |      51 |   0.0 |       0 |      28 |   0.0 |  1456
           D:2 |       0 |      41 |   0.0 |       0 |      16 |   0.0 |   811
           D:3 |       0 |      49 |   0.0 |       0 |      20 |   0.0 |   538
           D:4 |       0 |     210 |   0.0 |       0 |      15 |   0.0 |  1296
           D:5 |       0 |     840 |   0.0 |       0 |      26 |   0.0 |  1840
           D:6 |       0 |     727 |   0.0 |       0 |      29 |   0.0 |   987
           D:7 |       0 |     828 |   0.0 |       0 |      14 |   0.0 |   700
           D:8 |       0 |    2438 |   0.0 |       0 |      20 |   0.0 |  1068
           D:9 |       0 |    3358 |   0.0 |       0 |      22 |   0.0 |  1124
          D:10 |       0 |    6145 |   0.0 |       0 |      28 |   0.0 |  1438
          D:11 |       0 |    6521 |   0.0 |       0 |      42 |   0.0 |  1055
          D:12 |       0 |      43 |   0.0 |       0 |       1 |   0.0 |    30
        Lair:1 |       0 |    4180 |   0.0 |       0 |      18 |   0.0 |  1181
        Lair:2 |       0 |    4384 |   0.0 |       0 |      20 |   0.0 |  1345
        Lair:3 |       0 |    6766 |   0.0 |       0 |      30 |   0.0 |  1595
        Lair:4 |       0 |    9047 |   0.0 |       0 |      22 |   0.0 |   881
        Lair:5 |       0 |    3608 |   0.0 |       0 |      19 |   0.0 |   905
        Lair:6 |       0 |   18186 |   0.0 |       0 |      94 |   0.0 |  1784
           Lab |       0 |    2217 |   0.0 |       0 |      13 |   0.0 |   520
         IceCv |       0 |   10544 |   0.0 |       0 |      48 |   0.0 |  1260
               +---------+---------+-------+---------+---------+-------+---------

Vault maps used:
D:1:      lordsloth_arrival_two_stooges, st_stairs_1, minmay_hexomino_u4
D:2:      overflow_temple_1_default
D:3:      lemuel_round_altar, first_ration, uniq_robin
D:4:      nicolae_ashenzari_panopticon, supply_closet_lemuel,
          kennysheep_generic_room_11
D:5:      minmay_temple_entry_nine_rooms, enter_ossuary_3, hangedman_decor_push,
          uniq_ijyb, uniq_grinder, uniq_duvessa
D:6:      old_standard_altar, vehumet_crystals, makhleb_blood_cavern_becter,
          uniq_eustachio
D:7:      grunt_ogre_cave
D:8:      kennysheep_mini
D:9:      eat_drink_and_be_merry_uskayaw
D:10:     serial_shops, nicolae_shop_stone
D:11:     due_lair_maze_entry_diamond, david_orc_3, basic_altar, uniq_maurice
Temple:   nicolae_temple_great_sept
Lair:1:   nicolae_volcano_entry_hallway, lab_entry_generic
Lair:2:   spider_nest_entry_webs, st_stairs_11, serial_bayou_shore_a
Lair:3:   minmay_swamp_entry_worms, wad_woods_river_01
Lair:4:   uniq_rupert, uniq_nessos, uniq_nergalle
Lair:5:   minmay_slime_entry_oklob_open, serial_bayou_lagoon_b,
          grunt_megastairs_1
Lair:6:   hangedman_lair_caniforms_friends, guppyfry_lair_end_dragon,
          portal_ice_cave_demonic_guard, zaba_antful_of_joy
Lab:      labyrinth_hidden_loot, labyrinth_lava_lair, labyrinth_fake_exit,
          labyrinth_skeletal_remains, nicolae_lab_diamond, nicolae_lab_starburst
IceCv:    ice_cave_caverns_02

Table legend:
 A = Turns spent in this place as a percentage of turns spent in the entire game.
 B = Non-inter-level travel turns spent in this place as a percentage of non-inter-level travel turns spent in the entire game.
 C = Inter-level travel turns spent in this place as a percentage of turns spent in this place.
 D = Turns resting spent in this place as a percentage of non-inter-level travel turns spent in this place.
 E = Turns spent auto-exploring this place as a percentage of non-inter-level travel turns spent in this place.
 F = Non-inter-level travel turns spent in this place divided by the number of levels of this place that you've seen.
                   A       B       C       D       E      F
               +-------+-------+-------+-------+-------+----------------------
         Total | 100.0 | 100.0 |   4.5 |  21.6 |  46.2 | 994.6
       Dungeon |  56.4 |  55.3 |   6.5 |  21.7 |  47.2 | 961.8
        Temple |   0.3 |   0.2 |  15.3 |   0.0 |  84.0 |  50.0
          Lair |  35.2 |  36.0 |   2.3 |  18.3 |  52.6 | 1252.5
     Labyrinth |   2.4 |   2.5 |   0.0 |  27.9 |   0.0 | 520.0
      Ice Cave |   5.8 |   6.0 |   0.0 |  39.1 |  17.1 | 1260.0
               +-------+-------+-------+-------+-------+----------------------

Table legend:
 A = Kills in this place as a percentage of kills in entire the game.
 B = Kills by you in this place as a percentage of kills by you in the entire game.
 C = Kills by friends in this place as a percentage of kills by friends in the entire game.
 D = Other kills in this place as a percentage of other kills in the entire game.
 E = Experience gained in this place as a percentage of experience gained in the entire game.
 F = Experience gained in this place divided by the number of levels of this place that you have seen.
                   A       B       C       D       E      F
               +-------+-------+-------+-------+-------+----------------------
         Total | 100.0 | 100.0 | 100.0 | 100.0 | 100.0 | 3818.2
       Dungeon |  49.7 |  53.7 |  34.0 |   0.0 |  26.5 | 1770.9
          Lair |  38.7 |  35.4 |  52.4 |   0.0 |  57.6 | 7695.2
     Labyrinth |   2.5 |   2.4 |   2.9 |   0.0 |   2.8 | 2217.0
      Ice Cave |   9.1 |   8.6 |  10.7 | 100.0 |  13.1 | 10544.0
               +-------+-------+-------+-------+-------+----------------------
